Map: World of Sleepers LE

Players

lIlIlllllllI

  • Race: Protoss Protoss
  • League: Master
  • Spawn Location: 1:00

llllllllllll - Winner!

  • Race: Protoss Protoss
  • League: Master
  • Spawn Location: 7:00

VOD

Have the link to the VOD?

Description

Time

  • Played on: Dec. 22, 2019, 2:59 p.m.
  • Length: 8:45
Show
View Real Time Build Order
Export as new Build Order

lIlIlllllllI Protoss 

Build Orders: Oracle Opening 

Get SALT Encoding   

  12  0:00  Probe  
  13  0:13  Probe  
  14  0:18  Pylon  
  14  0:25  Probe (Chrono Boost)  
  15  0:37  Probe (Chrono Boost)  
  15  0:39  Gateway  
  16  0:43  Probe (Chrono Boost)  
  16  0:46  Assimilator  
  17  0:52  Probe  
  17  0:55  Assimilator  
  18  1:04  Probe  
  19  1:09  Gateway  
  19  1:16  Probe  
  20  1:26  Cybernetics Core  
  20  1:28  Probe  
  21  1:40  Probe  
  22  1:51  Pylon  
  22  1:52  Probe  
  23  1:58  Pylon  
  23  2:02  Warp Gate  
  23  2:09  Stargate  
  23  2:14  Stalker  
  25  2:23  Stalker  
  25  2:27  Probe  
  28  2:49  Oracle (Chrono Boost)  
  28  2:56  Nexus  
  31  3:03  Shield Battery  
  31  3:19  Oracle  
  34  3:20  Shield Battery  
  25  3:51  Probe  
  26  3:55  Stalker x2  
  30  4:03  Probe  
  31  4:16  Probe (Chrono Boost)  
  33  4:21  Probe (Chrono Boost)  
  33  4:25  Probe (Chrono Boost)  
  33  4:29  Probe (Chrono Boost)  
  35  4:38  Probe  
  33  4:40  Probe  
  33  4:42  Robotics Facility  
  34  4:50  Probe (Chrono Boost), Pylon  
  34  4:52  Probe (Chrono Boost)  
  36  5:02  Probe (Chrono Boost)  
  36  5:03  Probe (Chrono Boost)  
  38  5:07  Probe (Chrono Boost)  
  38  5:08  Probe (Chrono Boost)  
  38  5:09  Shield Battery  
  38  5:11  Stalker x2  
  44  5:16  Probe  
  44  5:18  Probe  
  46  5:22  Shield Battery  
  41  5:28  Probe  
  41  5:30  Probe  
  41  5:34  Immortal (Chrono Boost)  
  43  5:41  Probe (Chrono Boost)  
  48  5:43  Probe (Chrono Boost)  
  49  5:55  Probe (Chrono Boost)  
  51  5:58  Probe (Chrono Boost)  
  51  6:01  Probe (Chrono Boost)  
  51  6:03  Immortal (Chrono Boost)  
  52  6:05  Probe  
  52  6:09  Probe  
  58  6:13  Gateway x2  
  58  6:23  Sentry x2  
  62  6:25  Assimilator  
  62  6:28  Pylon  
  62  6:32  Pylon  
  62  6:36  Probe  
  62  6:46  Probe, Pylon  
  63  6:48  Probe  
  63  6:51  Sentry x2  
  63  6:53  Warp Prism  
  70  6:59  Gateway  
  70  7:06  Pylon  
  70  7:09  Probe, Pylon  
  70  7:14  Stalker x2  
  73  7:33  Adept x2  
  54  7:56  Stalker  
  54  7:57  Stalker x3  
  57  8:07  Pylon  
  52  8:28  Adept x2  
  52  8:29  Adept x3  
Show
View Real Time Build Order
Export as new Build Order

llllllllllll Protoss - Winner!

Build Orders: Oracle Opening, Phoenix Opening, Zealot Archon 

Get SALT Encoding   

  12  0:01  Probe  
  13  0:13  Probe  
  14  0:17  Pylon  
  14  0:25  Probe (Chrono Boost)  
  16  0:36  Probe (Chrono Boost)  
  16  0:38  Gateway  
  16  0:41  Probe  
  16  0:46  Assimilator  
  17  0:53  Probe  
  17  0:56  Assimilator  
  18  1:06  Probe  
  19  1:15  Gateway  
  19  1:18  Probe  
  20  1:25  Cybernetics Core  
  20  1:30  Probe  
  21  1:39  Pylon  
  21  1:42  Probe  
  22  1:54  Probe  
  23  2:01  Stargate  
  23  2:06  Probe  
  26  2:14  Stalker (Chrono Boost)  
  26  2:15  Stalker (Chrono Boost)  
  26  2:20  Pylon  
  28  2:32  Warp Gate  
  28  2:34  Pylon  
  28  2:51  Oracle (Chrono Boost)  
  28  2:52  Shield Battery  
  31  3:02  Shield Battery  
  31  3:21  Oracle (Chrono Boost)  
  34  3:31  Probe  
  34  3:33  Nexus  
  34  3:43  Probe  
  35  3:48  Pylon  
  36  3:55  Probe, Phoenix (Chrono Boost)  
  38  4:07  Probe  
  38  4:19  Probe  
  39  4:31  Stalker  
  39  4:32  Probe, Twilight Council  
  39  4:35  Gateway  
  42  4:44  Probe (Chrono Boost)  
  43  4:48  Zealot  
  47  4:53  Probe (Chrono Boost)  
  47  4:54  Probe (Chrono Boost)  
  47  4:58  Probe (Chrono Boost)  
  47  5:01  Probe  
  47  5:04  Assimilator  
  47  5:06  Assimilator  
  49  5:10  Probe  
  49  5:11  Charge (Chrono Boost)  
  49  5:13  Probe  
  51  5:17  Zealot x2  
  55  5:22  Probe  
  53  5:31  Probe  
  53  5:32  Zealot  
  53  5:34  Probe  
  57  5:44  Templar Archives  
  57  5:48  Probe  
  57  5:49  Probe  
  59  5:54  Pylon  
  59  6:06  Pylon  
  59  6:11  Gateway, Pylon  
  59  6:13  Gateway  
  59  6:15  Pylon  
  59  6:22  High Templar  
  59  6:25  Zealot, High Templar  
  63  6:30  Gateway  
  65  6:42  Archon  
  65  6:48  Zealot  
  65  6:49  Gateway  
  65  6:51  Pylon  
  67  6:55  High Templar  
  67  6:56  High Templar  
  67  6:58  Pylon  
  71  7:06  Zealot  
  73  7:08  Archon  
  73  7:09  High Templar x2  
  77  7:20  Zealot x2  
  81  7:23  Archon  
  81  7:24  Zealot x2  
  76  7:45  Zealot x7  
  78  8:05  Zealot x4  
  82  8:06  Zealot x3  
  88  8:33  Zealot x7  
Tags
 
Add a new tag
Caveats
  • Supply blocks, unpowered buildings, or Contaminate may cause inaccurate times.
  • Supply counts are checked every 10 seconds.